 Dungeon Crawl Stone Soup version 0.30.1 (webtiles) character file.

Game seed: 18093875364370129188

7 thefarm the Conjurer (level 2, -1/18 HPs)
             Began as a Gargoyle Reaver on July 6, 2023.
             Slain by a hobgoblin (3 damage)
             ... on level 1 of the Dungeon.
             The game lasted 00:01:15 (79 turns).

thefarm the Conjurer (Gargoyle Reaver)                Turns: 79, Time: 00:01:16

Health: -1/18      AC:  5    Str: 15    XL:     2   Next: 0%
Magic:  5/5        EV: 11    Int: 13    God:
Gold:   0          SH:  0    Dex:  8    Spells: 4/5 levels left

rFire   . . .        a - +0 spear
rCold   . . .        (no shield)
rNeg    + . .        b - +0 leather armour
rPois   ∞            (no helmet)
rElec   +            (no cloak)
rCorr   .            (no gloves)
SInv    .            (no boots)
Will    .....        (no amulet)
Stlth   +            (no ring)
HPRegen 0.23/turn    (no ring)
MPRegen 0.09/turn

%: no passive effects
@: no status effects
A: sickness immunity, AC +2, negative energy resistance 1, electricity
resistance, torment resistance 1, petrification resistance
a: no special abilities


You were on level 1 of the Dungeon.
You visited 1 branch of the dungeon, and saw 1 of its levels.

Inventory:

Hand Weapons
 a - a +0 spear (weapon)
Armour
 b - a +0 leather armour (worn)
Potions
 c - a potion of curing {unknown}


   Skills:
 + Level 2.3 Fighting
 + Level 2.8 Polearms
 + Level 1.7 Dodging
 + Level 2.0 Spellcasting
 + Level 3.4 Conjurations


You had 4 spell levels left.
You knew the following spells:

 Your Spells              Type           Power      Damage    Failure   Level
a - Kiss of Death         Conj/Necr      20%        2d7       16%         1

Your spell library contained the following spells:

 Spells                   Type           Power      Damage    Failure   Level
 Momentum Strike          Conj/Tloc      10%        3d8       24%         2
 Hailstorm                Conj/Ice       5%         3d4       43%         3


Dungeon Overview and Level Annotations

Branches:
Dungeon (1/15)

Altars:


Innate Abilities, Weirdness & Mutations

You are immune to sickness and miasma.
Your stone body is resilient. (AC +2)
You are immune to poison.
You resist negative energy. (rN+)
You are resistant to electric shocks. (rElec)
You are resistant to unholy torment.
You are immune to petrification.


Message History

The kobold shouts!
The kobold throws a stone.
The stone misses you.
The hobgoblin moves out of view.
You hit the endoplasm.
The endoplasm is heavily wounded.
A gnoll comes into view. It is wielding a +0 spear.
The endoplasm misses you.
A hobgoblin comes into view.
The hobgoblin shouts!
You hit the endoplasm.
You kill the endoplasm!
A goblin comes into view. It is wielding a +0 dagger.
You have reached level 2! 2 quokkas come into view.
The goblin shouts!
The gnoll hits you from afar with a +0 spear.
You see here a puce potion.
The gnoll misses you.
You hit the hobgoblin.
The hobgoblin is heavily wounded.
The hobgoblin barely misses you.
The gnoll hits you from afar with a +0 spear!
You barely miss the hobgoblin.
The hobgoblin is heavily wounded.
The gnoll hits you but does no damage. The hobgoblin completely misses you.
You hit the hobgoblin.
The hobgoblin is severely wounded.
The kobold throws a stone.
The stone closely misses you. The gnoll misses you.
The hobgoblin hits you but does no damage.
The hobgoblin barely misses you. The gnoll hits you with a +0 spear.
* * * LOW HITPOINT WARNING * * *
The hobgoblin attacks as you move away! The hobgoblin hits you.
* * * LOW HITPOINT WARNING * * *
The hobgoblin hits you but does no damage.
The gnoll misses you.
You closely miss the hobgoblin.
The hobgoblin is severely wounded.
The kobold hits you but does no damage. The hobgoblin closely misses you.
The hobgoblin hits you.
You die...

#.###..#####
#..........##
#####......... ##
#.###..### ...
##......... ....
####..#######.
.....
#.....###....
......#r#gK.....#
......rgg@#.#####
....(.g####.#
....... #.#
....... #.#
......# #.#
...r.. ..# ......
.## ......


You could see a gnoll, 2 quokkas, 2 hobgoblins, a goblin and a kobold.

Vanquished Creatures
  2 endoplasms (D:1)
  A goblin (D:1)
  A hobgoblin (D:1)
  A frilled lizard (D:1)
  A rat (D:1)
6 creatures vanquished.

Notes
Turn   | Place    | Note
-------+----------+-------------------------------------------
     0 | D:1      | thefarm the Gargoyle Reaver began the quest for the Orb.
     0 | D:1      | Reached XP level 1. HP: 12/12 MP: 3/3
    69 | D:1      | Reached XP level 2. HP: 18/18 MP: 5/5
    79 | D:1      | Slain by a hobgoblin

Illustrated notes

Levels and vault maps discovered:
D:1:      grunt_arrival_crossed_arrows, layout_rooms

Action                     || total
---------------------------++-------
  Melee: Spear             ||    21
 Armour: Leather armour    ||    13
  Dodge: Dodged            ||    19
